 Dungeon Crawl Stone Soup version 0.21.1-1-g345015fe64 (webtiles) character file.

176 Faustar the Cudgeler (level 5, -1/54 HPs)
             Began as an Ogre Monk on June 5, 2018.
             Slain by a white imp (2 damage)
             ... summoned by Natasha
             ... on level 3 of the Dungeon.
             The game lasted 00:04:29 (3834 turns).

Faustar the Cudgeler (Ogre Monk)                    Turns: 3834, Time: 00:04:30

Health: -1/54      AC:  3    Str: 16    XL:     5   Next: 56%
Magic:  5/5        EV: 10    Int: 11    God:
Gold:   174        SH:  0    Dex: 11    Spells: 4/4 levels left

rFire    . . .     SeeInvis .   a - +0 mace
rCold    . . .     Gourm    .   (no shield)
rNeg     . . .     Faith    .   b - +0 robe
rPois    .         Spirit   .   (helmet restricted)
rElec    .         Reflect  .   (no cloak)
rCorr    .         Harm     .   (gloves unavailable)
MR       .....                  (boots unavailable)
Stlth    ++........             (no amulet)
HPRegen  0.18/turn              (no ring)
MPRegen  0.09/turn              (no ring)

@: slowed, very slow
A: large, unfitting armour, tough skin 1
a: no special abilities


You were on level 3 of the Dungeon.
You were hungry.

You visited 1 branch of the dungeon, and saw 4 of its levels.

You collected 174 gold pieces.

Inventory:

Hand Weapons
 a - a +0 mace (weapon)
Armour
 b - a +0 robe (worn)
Jewellery
 n - an uncursed amulet of harm {unknown}
Wands
 r - a wand of random effects (29)
Scrolls
 d - 4 scrolls of identify {unknown}
 e - 2 scrolls of teleportation {unknown}
 f - 2 scrolls of enchant armour {unknown}
 h - 6 scrolls of remove curse {unknown}
 j - a scroll of amnesia {unknown}
 k - a scroll of random uselessness {unknown}
 m - a scroll of noise {unknown}
 o - 2 scrolls of immolation {unknown}
 q - 2 scrolls of blinking {unknown}
Potions
 g - a potion of agility {unknown}
 i - 4 potions of haste {unknown}
 l - a potion of cancellation {unknown}
Books
 p - a book of Annihilations

   Spells                             Type                      Level
   a - Poison Arrow                   Conjuration/Poison           6
   b - Chain Lightning                Conjuration/Air              8
   c - Lehudib's Crystal Spear        Conjuration/Earth            8
   d - Glaciate                       Conjuration/Ice              9
   e - Fire Storm                     Conjuration/Fire             9
Comestibles
 c - 8 rations


   Skills:
 - Level 4.0 Fighting
 + Level 5.5 Maces & Flails
 - Level 2.6 Dodging
 - Level 1.4 Stealth


You had 4 spell levels left.
You didn't know any spells.

Dungeon Overview and Level Annotations

Branches:
Dungeon (4/15)
 Temple: D:4-7

Altars:
Ashenzari
Cheibriados
Sif Muna

Annotations:
D:3 Natasha


Innate Abilities, Weirdness & Mutations

You are too large for most types of armour.
You have tough skin. (AC +1)


Message History

You hit Natasha but do no damage. Natasha closely misses you.
The crimson imp closely misses you. The white imp closely misses you.
Natasha barely misses you.
The crimson imp blinks!
You hit Natasha but do no damage. The white imp hits you.
The white imp freezes you. Natasha barely misses you. The white imp hits you.
The white imp freezes you.
Natasha stares at you and mumbles some strange words.
The magic dart hits you!
* * * LOW HITPOINT WARNING * * *
You closely miss Natasha. The white imp gestures at you.
The puff of frost hits you!
* * * LOW HITPOINT WARNING * * *
Natasha casts a spell at you. You resist with some effort.
The crimson imp hits you.
* * * LOW HITPOINT WARNING * * *
The white imp hits you.
* * * LOW HITPOINT WARNING * * *
The white imp freezes you.
You die...

#....# ###...<#
########......#
#......#......#
#.....>#......#
#......#.(....# ########
#......#......# #......#
#.h5...#....### #......#
#.@....#....#######
#......#####.5....#...........
#.................#...........
#......#####......####........
#......# #......# #........
#......# #.###### #........
#......# #.# #........
######## #.# #........ #.#
#######'#


You could see Natasha, a crimson imp and a white imp.

Vanquished Creatures
  A gnoll shaman (D:2)
  Ijyb (D:3)
  Natasha (D:3)
  An ooze (D:3)
  7 dart slugs
  2 leopard geckos
  An orc (D:3)
  2 ball pythons (D:2)
  A giant cockroach (D:2)
  12 goblins
  8 hobgoblins
  5 jackals
  A quokka (D:2)
  14 bats
  2 frilled lizards
  6 kobolds
  10 rats
75 creatures vanquished.

Notes
Turn   | Place    | Note
-------+----------+-------------------------------------------
     0 | D:1      | Faustar the Ogre Monk began the quest for the Orb.
     0 | D:1      | Reached XP level 1. HP: 24/24 MP: 1/1
   162 | D:1      | Reached skill level 3 in Maces & Flails
   268 | D:1      | Reached XP level 2. HP: 32/32 MP: 2/2
   646 | D:1      | Reached XP level 3. HP: 31/39 MP: 3/3
  1212 | D:1      | Reached skill level 4 in Maces & Flails
  1527 | D:2      | Reached XP level 4. HP: 4/48 MP: 4/4
  2300 | D:2      | Found a deep blue altar of Sif Muna.
  2503 | D:3      | Found a shattered altar of Ashenzari.
  2742 | D:3      | Noticed Ijyb
  2756 | D:3      | Reached skill level 5 in Maces & Flails
  2764 | D:3      | Killed Ijyb
  2764 | D:3      | Reached XP level 5. HP: 24/54 MP: 5/5
  3218 | D:3      | Found a snail-covered altar of Cheibriados.
  3297 | D:3      | Noticed Natasha
  3306 | D:3      | Killed Natasha
  3823 | D:3      | Noticed Natasha
  3834 | D:3      | HP: 2/54 [crimson imp[Natasha] (2)]
  3834 | D:3      | Slain by a white imp

Skill      XL: |  1  2  3  4 |
---------------+-------------+-----
Maces & Flails | 3 4 5 |  5.5
Fighting       | |  4.0
Dodging        | |  2.6
Stealth        | |  1.4

Action                   |  1- 3 |  4- 6 || total
-------------------------+-------+-------++-------
Melee: Mace              |   137 |   108 ||   245
 Stab: Sleeping          |     4 |     2 ||     6
  Eat: Chunk             |     2 |     7 ||     9
Armor: Robe              |    39 |    49 ||    88
Dodge: Dodged            |    85 |    87 ||   172
